 Dungeon Crawl Stone Soup version 0.28-a0-1389-gc726bef33b (webtiles) character file.

Game seed: 12141731571214355299

1796 Deminshera the Fighter (level 9, 0/84 HPs)
             Began as a Ghoul Monk on Jan 3, 2022.
             Slain by a troll (1 damage)
             ... on level 8 of the Dungeon.
             The game lasted 00:10:11 (10474 turns).

Deminshera the Fighter (Ghoul Monk)                Turns: 10474, Time: 00:10:12

Health: 0/84       AC: 11    Str: 19    XL:     9   Next: 9%
Magic:  8/8        EV:  6    Int:  5    God:
Gold:   311        SH:  5    Dex: 11    Spells: 8/8 levels left

rFire   . . .      SeeInvis .     - Unarmed
rCold   + . .      Faith    .   q - +1 buckler
rNeg    + + +      Spirit   .   k - +0 plate armour
rPois   ∞          Reflect  .   c - +0 helmet
rElec   .          Harm     .   (no cloak)
rCorr   .          Rampage  .   (no gloves)
Will    .....                   (no boots)
Stlth   ..........              (no amulet)
HPRegen 0.00/turn               (no ring)
MPRegen 0.11/turn               (no ring)

@: marked, flying, inhibited regen
A: claws 1, cold resistance 1, negative energy resistance 3, inhibited
regeneration, torment resistance 2
a: no special abilities


You were on level 8 of the Dungeon.
You visited 1 branch of the dungeon, and saw 8 of its levels.

You collected 311 gold pieces.

Inventory:

Missiles
 p - 2 throwing nets (quivered)
Armour
 c - a +0 helmet (worn)
 k - a +0 plate armour (worn)
 q - a +1 buckler (worn)
Wands
 i - a wand of flame (13)
Scrolls
 r - 2 scrolls of identify
Potions
 a - a potion of curing {unknown}
 d - 3 potions of attraction
 g - a potion of lignification
 m - a potion of flight


   Skills:
 + Level 9.4 Fighting
 - Level 4.0 Dodging
 - Level 3.0 Stealth
 - Level 4.0 Shields
 - Level 7.0 Unarmed Combat


You had 8 spell levels left.
You didn't know any spells.
Your spell library contained the following spells:

 Spells                   Type           Power      Damage    Failure   Level
 Slow                     Hex            0%         N/A       100%        1
 Confusing Touch          Hex            0%         N/A       100%        3
 Vampiric Draining        Necr           0%         2d6       100%        3


Dungeon Overview and Level Annotations

Branches:
Dungeon (8/15)
 Temple: D:4-7         Lair: D:8-11

Altars:
Dithmenos
Elyvilon
Makhleb
Nemelex Xobeh
Qazlal
Ru
Uskayaw


Innate Abilities, Weirdness & Mutations

You thrive by killing the living.
You are immune to poison.
You have sharp fingernails.
Your flesh is cold resistant. (rC+)
You are immune to negative energy. (rN+++)
You do not regenerate when monsters are visible.
You are immune to unholy pain and torment.


Message History

You are too injured to fight recklessly!
You are too injured to fight recklessly!
You are too injured to fight recklessly!
You are too injured to fight recklessly!
You are too injured to fight recklessly!
You are too injured to fight recklessly!
You are too injured to fight recklessly!
You are too injured to fight recklessly!
You are too injured to fight recklessly!
You are too injured to fight recklessly!
You are too injured to fight recklessly!
You are too injured to fight recklessly!
You are too injured to fight recklessly!
You are too injured to fight recklessly!
You are too injured to fight recklessly!
It was a potion of lignification.
You feel woody for a moment. The troll bites you!
The troll claws you but does no damage. x2
It was a potion of flight.
You feel very buoyant.
You fly up into the air.
The troll bites you.
* * * LOW HITPOINT WARNING * * *
The troll claws you but does no damage. The troll claws you!
* * * LOW HITPOINT WARNING * * *
You closely miss the troll.
The troll is heavily wounded.
The troll bites you but does no damage.
The troll claws you but does no damage. x2
You scratch the troll.
The troll is severely wounded.
The troll bites you but does no damage. The troll claws you.
* * * LOW HITPOINT WARNING * * *
The troll claws you.
* * * LOW HITPOINT WARNING * * *
It was a potion of berserk rage.
You feel slightly irritated. The troll bites you.
* * * LOW HITPOINT WARNING * * *
The troll barely misses you. The troll closely misses you.
You scratch the troll.
The troll is severely wounded.
The troll bites you.
You die... ### #@# #T# #yS ####

You could see a troll, a hornet and a water moccasin.

Vanquished Creatures
  A black bear (D:6)
  A necrophage (D:5)
  5 ogres
  A centaur (D:5)
  A phantom (D:4)
  A gnoll sergeant (D:6)
  2 scorpions (D:6)
  A water moccasin skeleton (D:4)
  5 wights
  A hound (D:5)
  A centaur skeleton (D:6)
  4 orc priests (D:6)
  Natasha (thrice) (D:3)
  3 iguanas
  2 orc wizards (D:6)
  A howler monkey zombie (D:6)
  Robin (D:3)
  5 adders
  7 gnolls
  A shadow imp (D:6)
  An ufetubus (D:6)
  10 orcs
  4 ball pythons
  6 endoplasms
  2 giant cockroaches
  17 goblins
  8 hobgoblins
  9 kobolds
  2 quokkas
  8 bats
  5 frilled lizards
  9 rats
128 creatures vanquished.

Notes
Turn   | Place    | Note
-------+----------+-------------------------------------------
     0 | D:1      | Deminshera the Ghoul Monk began the quest for the Orb.
     0 | D:1      | Reached XP level 1. HP: 19/19 MP: 0/0
   537 | D:1      | Reached XP level 2. HP: 25/26 MP: 1/1
  1619 | D:2      | Reached XP level 3. HP: 30/31 MP: 2/2
  1635 | D:2      | Found a faded altar of an unknown god.
  2585 | D:3      | Noticed Robin
  2896 | D:2      | Reached XP level 4. HP: 37/40 MP: 3/3
  2907 | D:2      | Reached skill level 4 in Fighting
  3068 | D:2      | HP: 2/40 [hobgoblin[Robin] (6)]
  3656 | D:3      | Killed Robin
  3657 | D:3      | Reached XP level 5. HP: 44/46 MP: 4/4
  3768 | D:3      | Noticed Natasha
  3782 | D:3      | Killed Natasha
  4134 | D:3      | Noticed Natasha
  4151 | D:3      | Killed Natasha
  4561 | D:3      | Noticed Natasha
  4566 | D:3      | Killed Natasha
  4688 | D:4      | Reached XP level 6. HP: 40/55 MP: 5/5
  5090 | D:4      | Reached skill level 5 in Fighting
  5090 | D:4      | Reached skill level 5 in Unarmed Combat
  5507 | D:4      | Found a sacrificial altar of Ru.
  5574 | D:4      | Found a stormy altar of Qazlal.
  5587 | D:4      | Found a burning altar of Makhleb.
  5617 | D:4      | Found a shadowy altar of Dithmenos.
  5765 | D:5      | Entered Level 5 of the Dungeon
  5883 | D:5      | Found a hide-covered altar of Uskayaw.
  5928 | D:5      | Noticed a necrophage
  5941 | D:5      | Killed a necrophage
  5942 | D:5      | Reached XP level 7. HP: 48/62 MP: 6/6
  6209 | D:6      | Reached skill level 6 in Fighting
  6878 | D:5      | Reached skill level 1 in Shields
  7289 | D:5      | Reached XP level 8. HP: 24/71 MP: 7/7
  7781 | D:5      | Found a sparkling altar of Nemelex Xobeh.
  7798 | D:5      | Reached skill level 7 in Fighting
  8934 | D:6      | Reached skill level 8 in Fighting
  9756 | D:6      | Reached skill level 9 in Fighting
  9756 | D:6      | Reached XP level 9. HP: 79/83 MP: 8/8
 10448 | D:7      | Noticed a hornet
 10453 | D:7      | Noticed a hornet
 10454 | D:7      | Noticed a troll
 10473 | D:8      | HP: 1/84 [troll (5)]
 10474 | D:8      | Slain by a troll

Illustrated notes

Levels and vault maps discovered:
D:1:      erik_arrival_cave_to_civilisation [erik_arrival_cave_to_temple],
          layout_basic, minmay_misc_feat_ornament
D:2:      layout_basic, hellmonk_ecumenical_altar_pennies_from_heaven
D:3:      layout_basic, old_standard_altar, uniq_natasha, uniq_robin
D:4:      layout_basic, grunt_dithmenos_smoke, nicolae_ru_path_of_blood,
          minitemple, minmay_temple_entry_from_below_b
D:5:      layout_loops_cross, mainiacjoe_overflow_catwalk,
          nemelex_dance_club_becter
D:6:      layout_loops_ring, minmay_misc_feat_more_columns
D:7:      layout_loops_ring, enter_bailey_2
D:8:      layout_basic, serial_curves, eino_curves_03, eino_curves_04,
          uniq_joseph

Skill      XL: |  1  2  3  4  5  6  7  8 |
---------------+-------------------------+-----
Dodging        | 3 4 |  4.0
Stealth        | 3 |  3.0
Unarmed Combat | 4 5 6 7 |  7.0
Fighting       | 4 5 6 9 |  9.4
Shields        | 1 4 |  4.0

Action                   |  1- 3 |  4- 6 |  7- 9 || total
-------------------------+-------+-------+-------++-------
Melee: Unarmed           |   166 |   206 |   211 ||   583
       Punch             |     1 |     5 |       ||     6
  Use: Potion            |     3 |     1 |     5 ||     9
       Scroll            |       |     2 |     7 ||     9
 Stab: Sleeping          |     4 |       |       ||     4
Armor: Robe              |    18 |       |       ||    18
       Chain mail        |    78 |   108 |    67 ||   253
       Plate armour      |       |       |    30 ||    30
Dodge: Dodged            |   123 |    57 |    87 ||   267
Block: Buckler           |       |       |    28 ||    28

Table legend: (Time is in decaauts)
 A = Elapsed time spent in this place.
 B = Non-inter-level travel time spent in this place.
 C = Inter-level travel time spent in this place.
 D = Time resting spent in this place.
 E = Time spent auto-exploring this place.
 F = Levels seen in this place.
 G = Mean time per level.
                   A        B        C        D        E       F      G
               +--------+--------+--------+--------+--------+-----+--------+
         Total |  10446 |  10155 |    291 |   3921 |   4592 |   8 | 1305.8 |
       Dungeon |  10446 |  10155 |    291 |   3921 |   4592 |   8 | 1305.8 |
               +--------+--------+--------+--------+--------+-----+--------+

Top non-repeatable levels by time:
     D:5: 2117 daAuts
     D:6: 1947 daAuts
     D:3: 1674 daAuts
     D:4: 1599 daAuts
     D:1: 1581 daAuts
     D:2: 1350 daAuts
     D:7: 162 daAuts
     D:8: 14 daAuts
